 Dungeon Crawl Stone Soup version 0.25-a0-404-gc1b5a34292 (webtiles) character file.

Game seed: 1914845075347981018, levelgen mode: deterministic

33598 MisterFreud the Ripper (level 13, -5/61 HPs)
             Began as a Felid Berserker on Jan 10, 2020.
             Was the Champion of Trog.
             Slain by Nikola
             ... wielding a +1 rapier of electrocution
              (23 damage)
             ... on level 2 of the Spider Nest on Jan 11, 2020.
             The game lasted 00:50:31 (23154 turns).

MisterFreud the Ripper (Felid Berserker)           Turns: 23154, Time: 00:50:32

Health: -5/61      AC:  3    Str: 13    XL:     13   Next: 37%
Magic:  21/21      EV: 34    Int: 13    God:    Trog [******]
Gold:   2240       SH:  0    Dex: 21    Spells: 12/12 levels left
                                        Lives:  0   Deaths: 4

rFire    . . .     SeeInvis +     - Unarmed
rCold    + + .     Gourm    .   (shield unavailable)
rNeg     . . .     Faith    .   (armour unavailable)
rPois    +         Spirit   .   (helmet unavailable)
rElec    .         Reflect  .   (cloak unavailable)
rCorr    .         Harm     .   (gloves unavailable)
MR       +....                  (boots unavailable)
Stlth    +++++.....             e - amulet of regeneration
HPRegen  0.60/turn              F - +3 ring of slaying
MPRegen  0.17/turn              S - ring "Wougoj" {rPois rC+ Int+3 Slay+3}

@: berserk cooldown, slowed, slow
A: very small, no armour, no weapons or thrown items, stealth, claws 1, fangs 3,
see invisible, carnivore, speed 1, shaggy fur 3, slow metabolism 1, sharp paws
a: Berserk, Trog's Hand, Brothers in Arms, Renounce Religion


You were on level 2 of the Spider Nest.
You worshipped Trog.
Trog was exalted by your worship.
You were not hungry.

You visited 4 branches of the dungeon, and saw 25 of its levels.

You collected 3126 gold pieces.
You spent 886 gold pieces at shops.

Inventory:

Jewellery
 c - a +4 ring of evasion
 e - an amulet of regeneration (around neck)
 j - the ring of Fallacy {Ice rPois}
   (You found it on level 11 of the Dungeon)

   [ring of ice]

   It enhances your ice magic.
   It makes you vulnerable to fire.
   It protects you from cold.
   It protects you from poison.
 r - an uncursed ring of positive energy
 y - a +4 ring of intelligence
 F - a +3 ring of slaying (left paw)
 J - a +2 amulet of reflection
 K - an uncursed ring of protection from magic
 M - a +2 ring of intelligence
 N - a +3 ring of evasion
 P - an uncursed amulet of faith
 S - the ring "Wougoj" (right paw) {rPois rC+ Int+3 Slay+3}
   (You bought it in a shop on level 2 of the Orcish Mines)

   [ring of protection from cold]

   It affects your intelligence (+3).
   It affects your accuracy and damage with ranged weapons and melee attacks
   (+3).
   It protects you from cold.
   It protects you from poison.
 U - an uncursed ring of resist corrosion {unknown}
Wands
 g - a wand of acid (31)
 i - a wand of enslavement (28)
 t - a wand of clouds (2)
 w - a wand of disintegration (75)
 E - a wand of paralysis (15)
 H - a wand of iceblast (16)
 R - a wand of flame (10)
Scrolls
 b - 12 scrolls of remove curse
 f - 9 scrolls of teleportation
 l - 2 scrolls of holy word
 q - 5 scrolls of blinking
 A - a scroll of summoning
 C - a scroll of silence
 D - 5 scrolls of magic mapping
 L - 3 scrolls of identify
 V - a scroll of fear
Potions
 d - 4 potions of heal wounds
 h - 9 potions of curing
 k - a potion of magic
 n - 3 potions of haste
 o - 2 potions of lignification
 p - 4 potions of mutation
 s - 3 potions of brilliance
 u - a potion of agility
 v - 3 potions of cancellation
 x - 2 potions of resistance
 z - 3 potions of ambrosia
 B - 3 potions of invisibility
 I - 3 potions of flight
 O - a potion of might
Miscellaneous
 m - a phantom mirror
 G - a box of beasts
 Q - a lightning rod (4/4)
 T - a lightning rod (4/4)
Comestibles
 a - 61 rations


   Skills:
 - Level 10.0 Fighting
 - Level 16.0 Dodging
 - Level 10.0 Stealth
 + Level 19.5 Unarmed Combat
 - Level 10.0 Evocations


You had 12 spell levels left.
You didn't know any spells.
Your spell library was empty.

Dungeon Overview and Level Annotations

Branches:
Dungeon (15/15)            Temple (0/1) D:4            Lair (6/6) D:8
 Shoals (0/4) Lair:4       Spider (2/4) Lair:2        Slime (0/5) Lair:6
    Orc (2/2) D:9             Elf (0/3) Orc:2        Vaults (0/5) D:14
 Depths (0/5) D:15

Altars:
Cheibriados
Dithmenos
Kikubaaqudgha
Okawaru
Trog

Shops:
D:9 (}(   D:11 (   Orc:2 :=:[

Annotations:
D:7 1 runed translucent door, Borgoz's ghost, amateur MiGl
Lair:3 exclusion: 2 oklob plants
Lair:6 2 transporters, MaxwellSilver's ghost, journeyman HOFi
Spider:2 Nikola; Roxanne


Innate Abilities, Weirdness & Mutations

You cannot wear armour.
You are incapable of wielding weapons or throwing items.
Your paws allow you to move quietly. (Stealth)
You have sharp claws.
You have razor-sharp teeth.
You have supernaturally acute eyesight. (SInv)
You are carnivorous and can eat meat at any time.
You cover ground quickly.
Your thick and shaggy fur keeps you warm. (AC +3, rC+)
You have a slow metabolism.
Your sharp claws are effective at attacking unaware monsters.


Message History

The lightning arc hits you!!
The lightning arc hits the hornet!!
The hornet dies!
The lightning arc hits the redback!! x2
The redback dies!
The lightning arc hits you!!
* * * LOW HITPOINT WARNING * * *
The lightning arc hits the jumping spider!!
Unknown command.
You feel a strong urge to attack something.
The jumping spider leaps!
You are no longer berserk.
You are exhausted.
You feel yourself slow down.
The jumping spider leaps!
Found 2 scrolls of fear.
Found a stone staircase leading down.
Nikola misses you.
Your cyclops goes berserk!
You feel quite a bit more hungry.
Nikola warns, "If you see one of my golems, approach with caution, they bite."
Nikola hits you with a +1 rapier of electrocution!!
You die...

.<......................
......°....s............
..?.?.........#.........
..#.............$...#...
...)..$.s^.†............
..........°............^
.......s...............<
......Cs.†?......†......
......#@#...............
......@.................
.......†............#...
?...............#.......
..................†#....
>.#......$..............
. ......................
...........#...........
..........#..


You could see Nikola, a jumping spider, a tarantella, 2 redbacks and a friendly
cyclops (berserk).

Vanquished Creatures
  Kirke (D:12)
  A frost giant (D:15)
  An emperor scorpion (Spider:1)
  Snorg (D:12)
  7 hydras
  Harold (D:7)
  7 vault guards (D:14)
  A catoblepas (D:13)
  An ogre mage (D:15)
  7 two-headed ogres
  6 centaur warriors
  A tengu warrior (D:15)
  3 orc high priests (Orc:2)
  Sonja (Lair:4)
  3 unseen horrors
  A wolf spider zombie (D:12)
  5 orc knights
  5 orc sorcerers
  An orb spider (Spider:1)
  A deep elf mage (D:15)
  2 cyclopes
  6 ugly things
  A manticore (D:15)
  2 wolf spiders
  A moth of wrath (Spider:2)
  2 centaur zombies
  4 black mambas
  A gargoyle (D:15)
  5 elephants
  A rime drake (Lair:4)
  7 spiny frogs
  6 komodo dragons
  2 kobold demonologists (D:13)
  A yaktaur (D:15)
  7 polar bears (Lair:6)
  3 demonic crawlers (Spider:1)
  A meliai (shapeshifter) (D:15)
  4 trolls
  8 hornets
  2 merfolk (Lair:4)
  9 jumping spiders
  9 hippogriffs
  9 dream sheep (Lair:6)
  5 blink frogs
  Sigmund (D:2)
  8 wyverns
  2 vampires (D:14)
  17 redbacks
  42 yaks
  3 wraiths
  A hog (D:11)
  13 spriggans (Lair:6)
  11 tarantellas
  3 basilisks
  Grum (D:8)
  3 vampire mosquitoes (D:13)
  2 hungry ghosts
  A warg (Orc:1)
  A soldier ant (D:14)
  Duvessa (D:7)
  5 porcupines
  15 water moccasins
  3 phantoms
  21 orc warriors
  9 sky beasts
  5 ice beasts
  2 black bears
  16 ogres
  4 necrophages
  4 boggarts (Lair:6)
  23 wolves
  7 centaurs
  9 crocodiles
  An elf zombie (D:8)
  25 bullfrogs
  3 big kobolds
  A gnoll sergeant (D:10)
  A wyvern zombie (D:11)
  Dowan (D:7)
  6 scorpions
  3 killer bees (D:8)
  A wight (D:8)
  2 howler monkeys
  11 electric eels
  A bullfrog zombie (D:6)
  15 crimson imps
  4 jellies
  8 hounds
  6 quasits
  5 human zombies (D:8)
  27 orc wizards
  Crazy Yiuf (D:2)
  5 centaur skeletons
  18 orc priests
  2 human skeletons (D:8)
  4 iguanas
  10 worker ants
  2 hell rats (Lair:3)
  4 hound skeletons
  A mummy (D:8)
  A howler monkey zombie (D:5)
  2 worker ant zombies
  16 gnolls
  A howler monkey skeleton (D:11)
  9 river rats (Lair:3)
  12 adders
  5 shadow imps
  An ooze (D:1)
  An adder zombie (D:5)
  3 adder skeletons
  3 worms
  2 dart slugs
  4 leopard geckos
  87 orcs
  5 bats
  7 giant cockroaches
  8 goblins
  5 hobgoblins
  6 jackals
  24 kobolds
  7 quokkas
  2 ball pythons
  5 frilled lizards
  A jackal zombie (D:5)
  9 rats
780 creatures vanquished.

Vanquished Creatures (collateral kills)
  A death yak (Lair:4)
  A torpor snail (Lair:4)
  An elephant (Lair:3)
3 creatures vanquished.

Vanquished Creatures (others)
  An orb spider (Spider:2)
  A hornet (Spider:2)
  4 redbacks (Spider:2)
  A tarantella (Spider:2)
  2 humans (D:12)
  An ogre (D:12)
  A shadow imp (D:12)
  A kobold (D:14)
  6 bushes (Lair:6)
  15 fungi
  4 plants
37 creatures vanquished.

Grand Total: 820 creatures vanquished

Notes
Turn   | Place    | Note
-------+----------+-------------------------------------------
     0 | D:1      | MisterFreud the Felid Berserker began the quest for the
                  | Orb.
     0 | D:1      | Reached XP level 1. HP: 10/10 MP: 2/2
   428 | D:1      | Reached XP level 2. HP: 14/14 MP: 3/3
   963 | D:2      | Reached XP level 3. HP: 13/18 MP: 4/4
  1373 | D:2      | Noticed Sigmund
  1430 | D:2      | Killed Sigmund
  1430 | D:2      | Reached XP level 4. HP: 24/24 MP: 5/5
  1430 | D:2      | Reached XP level 5. HP: 28/28 MP: 6/6
  1510 | D:2      | Found a runed translucent door.
  1511 | D:2      | Noticed Crazy Yiuf
  1522 | D:2      | Killed Crazy Yiuf
  1522 | D:2      | Reached ** piety under Trog
  1666 | D:2      | Gained mutation: You are covered in thick fur. (AC +2)
                  | [Felid growth]
  1666 | D:2      | Reached XP level 6. HP: 31/31 MP: 7/7
  1696 | D:2      | Found a bloodstained altar of Trog.
  1890 | D:3      | Noticed an ice beast
  1898 | D:3      | Killed an ice beast
  1898 | D:3      | Reached skill level 5 in Dodging
  1898 | D:3      | Reached skill level 4 in Unarmed Combat
  2496 | D:4      | Found a staircase to the Ecumenical Temple.
  2508 | D:4      | Reached skill level 1 in Stealth
  2774 | D:4      | Reached XP level 7. HP: 30/35 MP: 8/8
  2909 | D:4      | Reached *** piety under Trog
  3083 | D:5      | Entered Level 5 of the Dungeon
  3203 | D:5      | Reached skill level 5 in Unarmed Combat
  3461 | D:5      | Reached XP level 8. HP: 39/39 MP: 9/9
  3560 | D:5      | Reached skill level 5 in Stealth
  3830 | D:5      | Found a shadowy altar of Dithmenos.
  3846 | D:5      | Reached skill level 6 in Unarmed Combat
  4050 | D:6      | Reached **** piety under Trog
  4402 | D:6      | Reached skill level 10 in Dodging
  4877 | D:7      | Reached XP level 9. HP: 42/42 MP: 10/10
  4995 | D:7      | Noticed Dowan
  5079 | D:7      | Noticed Duvessa
  5202 | D:7      | Killed Dowan
  5264 | D:7      | Killed Duvessa
  5264 | D:7      | Reached skill level 7 in Unarmed Combat
  5559 | D:7      | Found a runed translucent door.
  5559 | D:7      | Noticed Borgoz's ghost (amateur MiGl)
  5688 | D:7      | Noticed Harold
  5699 | D:7      | Killed Harold
  5699 | D:7      | Reached skill level 8 in Unarmed Combat
  5942 | D:8      | Noticed an elephant
  5943 | D:8      | Found a staircase to the Lair.
  5968 | D:8      | Killed an elephant
  5968 | D:8      | Reached XP level 10. HP: 49/49 MP: 11/11
  6195 | D:8      | Reached ***** piety under Trog
  6219 | D:8      | Reached skill level 10 in Stealth
  6384 | D:8      | Noticed a two-headed ogre
  6459 | D:8      | Killed a two-headed ogre
  6459 | D:8      | Reached skill level 9 in Unarmed Combat
  6518 | D:8      | Noticed a two-headed ogre
  6528 | D:8      | Killed a two-headed ogre
  6658 | D:8      | Reached skill level 10 in Fighting
  6658 | D:8      | Reached skill level 1 in Evocations
  6907 | D:8      | Noticed a two-headed ogre
  6913 | D:8      | Killed a two-headed ogre
  6913 | D:8      | Reached skill level 10 in Unarmed Combat
  7028 | D:8      | Noticed Grum
  7039 | D:8      | Reached XP level 11. HP: 54/54 MP: 14/14
  7042 | D:8      | Killed Grum
  7134 | D:8      | Found an ancient bone altar of Kikubaaqudgha.
  7227 | D:8      | Reached skill level 5 in Evocations
  7401 | D:9      | Found Ytav Fitt's Weapon Shop.
  7543 | D:9      | Found a staircase to the Orcish Mines.
  7622 | D:9      | Found Hyryures's Gadget Shop.
  7630 | D:9      | Bought a box of beasts for 280 gold pieces
  7841 | D:9      | Found Isam's Antique Weapon Boutique.
  7993 | D:10     | Entered Level 10 of the Dungeon
  8617 | D:10     | Noticed a two-headed ogre
  8630 | D:10     | Killed a two-headed ogre
  9261 | D:11     | Found Dunax's Weapon Shop.
  9306 | D:11     | Reached ****** piety under Trog
  9469 | D:11     | Noticed a seven-headed hydra
  9471 | D:11     | Noticed a white ugly thing
  9487 | D:11     | Killed a seven-headed hydra
  9550 | D:11     | Slain by a white ugly thing
  9551 | D:11     | Reached XP level 10. HP: 0/76 MP: 17/17
  9587 | D:11     | Noticed a seven-headed hydra
  9594 | D:11     | Killed a seven-headed hydra
  9594 | D:11     | Reached XP level 11. HP: 54/54 MP: 18/18
  9612 | D:11     | Mangled by a white ugly thing
  9613 | D:11     | Reached XP level 10. HP: -10/76 MP: 17/17
  9744 | D:11     | Got a flickering tin ring
  9746 | D:11     | Identified the ring of Fallacy {Ice rPois} (You found it on
                  | level 11 of the Dungeon)
  9863 | D:12     | Noticed Snorg
  9863 | D:12     | Noticed an unseen horror
  9867 | D:12     | Killed Snorg
 10008 | Lair:1   | Entered Level 1 of the Lair of Beasts
 10480 | Lair:1   | Reached skill level 10 in Evocations
 10802 | Lair:2   | Reached XP level 11. HP: 54/54 MP: 19/19
 11035 | Lair:2   | Found an iron altar of Okawaru.
 11362 | Lair:2   | Found a hole to the Spider Nest.
 11659 | Lair:3   | Reached skill level 15 in Dodging
 12016 | Lair:3   | Noticed an oklob plant
 12017 | Lair:3   | Noticed an oklob plant
 12767 | Lair:4   | Found a staircase to the Shoals.
 12826 | Lair:4   | Noticed a death yak
 12838 | Lair:4   | Killed a death yak
 13055 | Lair:4   | Reached skill level 11 in Unarmed Combat
 13063 | Lair:4   | Gained mutation: Your thick and shaggy fur keeps you warm.
                  | (AC +3, rC+) [Felid growth]
 13063 | Lair:4   | Reached XP level 12. HP: 58/58 MP: 20/20
 13111 | Lair:4   | Noticed Sonja
 13217 | Lair:4   | Killed Sonja
 13679 | Lair:5   | Noticed a six-headed hydra
 13688 | Lair:5   | Killed a six-headed hydra
 13759 | Lair:5   | Reached skill level 12 in Unarmed Combat
 14682 | Lair:6   | Entered Level 6 of the Lair of Beasts
 14684 | Lair:6   | Noticed a four-headed hydra
 14686 | Lair:6   | Killed a four-headed hydra
 14764 | Lair:6   | Reached skill level 13 in Unarmed Combat
 14941 | Lair:6   | Reached XP level 13. HP: 59/61 MP: 21/21
 15025 | Lair:6   | HP: 3/91 [spriggan/+0 rapier (14)]
 15034 | Lair:6   | Reached skill level 14 in Unarmed Combat
 15642 | Lair:6   | Reached skill level 15 in Unarmed Combat
 15698 | Lair:6   | Found a bloodstained altar of Trog.
 15735 | Lair:6   | Identified the +8 demon trident of the Little People {elec,
                  | +Rage}
 15736 | Lair:6   | Noticed MaxwellSilver's ghost (journeyman HOFi)
 15742 | Lair:6   | Found a transporter.
 15863 | Lair:6   | Found a transporter.
 16101 | Lair:6   | Found a staircase to the Slime Pits.
 16520 | D:12     | Noticed Kirke
 16529 | D:12     | Killed Kirke
 16994 | D:13     | Found a snail-covered altar of Cheibriados.
 17025 | D:13     | Found a gate leading to a gauntlet.
 17033 | D:13     | You fall into a shaft and drop 2 floors!
 17033 | D:15     | Entered Level 15 of the Dungeon
 17107 | D:15     | HP: 1/61 [centaur warrior (11)]
 17256 | D:14     | Reached skill level 16 in Unarmed Combat
 17543 | D:13     | Reached XP level 14. HP: 65/66 MP: 22/22
 18341 | D:14     | Found a gate to the Vaults.
 18562 | D:14     | Reached skill level 17 in Unarmed Combat
 19407 | D:15     | Found a staircase to the Depths.
 19407 | D:15     | Noticed a frost giant
 19409 | D:15     | Killed a frost giant
 19570 | D:15     | Reached skill level 18 in Unarmed Combat
 20237 | Orc:1    | Entered Level 1 of the Orcish Mines
 20468 | Orc:2    | Entered Level 2 of the Orcish Mines
 20712 | Orc:2    | Found a staircase to the Elven Halls.
 20794 | Orc:2    | Found Egufej's Armour Boutique.
 20843 | Orc:2    | HP: 1/66 [orc knight/+0 great sword (14)]
 20961 | Orc:2    | Found Naerias's Book Emporium.
 20967 | Orc:2    | Found Testy's Jewellery Emporium.
 20969 | Orc:2    | Found Lint's Book Boutique.
 20975 | Orc:2    | Bought the ring "Wougoj" {rPois rC+ Int+3 Slay+3} for 606
                  | gold pieces
 21052 | Orc:2    | Reached XP level 15. HP: 69/69 MP: 23/23
 21826 | Spider:1 | Entered Level 1 of the Spider Nest
 21888 | Spider:1 | Reached skill level 19 in Unarmed Combat
 22011 | Spider:1 | HP: 3/103 [emperor scorpion (25)]
 22017 | Spider:1 | HP: 1/69 [jumping spider (7)]
 22017 | Spider:1 | Demolished by a jumping spider
 22018 | Spider:1 | Reached XP level 14. HP: -19/66 MP: 22/22
 22138 | Spider:1 | Killed an emperor scorpion
 22913 | Spider:2 | Found the +8 mithril axe "Arga" {speed, MR+}
 22983 | Spider:2 | Identified Roxanne's Disquisition on the Mountains
 22983 | Spider:2 | Noticed Roxanne
 23127 | Spider:2 | Noticed Nikola
 23138 | Spider:2 | Killed from afar by Nikola
 23139 | Spider:2 | Reached XP level 13. HP: -8/61 MP: 21/21
 23154 | Spider:2 | Slain by Nikola

Levels and vault maps discovered:
D:1:      dpeg_arrival_simpleton_b, layout_basic
D:2:      layout_loops_cross, bloody_trog, uniq_crazy_yiuf_cottage, uniq_sigmund
D:3:      layout_rooms, first_ration
D:4:      layout_gridville, minmay_temple_entry_overgrown,
          minmay_misc_feat_square
D:5:      layout_basic, old_standard_altar
D:6:      layout_basic
D:7:      layout_cave_pools, gammafunk_ghost_grave, grunt_ogre_cave,
          grunt_decor_one_mirror, uniq_duvessa, uniq_harold
D:8:      minmay_the_grid_octo_tiled_squarecenter
          [minmay_the_grid_octo_thin_diamonds, minmay_the_grid_octo_concentric,
          minmay_the_grid_octo_horde, minmay_the_grid_octo_clover,
          minmay_the_grid_square_5x5_megaprize_hollow,
          minmay_the_grid_square_5x5_sharp_hourglass,
          minmay_the_grid_square_5x5_misaligned,
          minmay_the_grid_square_5x5_trominoes,
          minmay_the_grid_square_5x5_doubleslash], layout_loops_ring,
          david_lair_generic, lemuel_mausoleum_altar_kikubaaqudgha, uniq_grum
D:9:      layout_cave_pools, orc_0_dummy, serial_shops, shop, shop,
          nicolae_shop_statue_plus, hangedman_decor_lopped
D:10:     layout_basic
D:11:     layout_basic, enter_bailey_7, serial_shops, shop
D:12:     layout_rooms, uniq_snorg, uniq_kirke
D:13:     layout_rooms, basic_altar, gauntlet_entry_generic,
          minmay_misc_feat_hallway, drop_trap
D:14:     layout_long_grid, erik_vaults_2, serial_bayou_lagoon_a
D:15:     grunt_enter_depths_snipers, layout_loops_corners, serial_park_square1
          [serial_park_minivault_5x5_5]
Lair:1:   layout_regular_city, st_stairs_4
Lair:2:   layout_small_grid, spider_nest_entry_funnel_web, basic_altar
Lair:3:   layout_roguey, kennysheep_rathole, serial_bayou_shore_b,
          serial_bayou_shore_a, lemuel_fruit_tree, serial_bayou_shore_b,
          grunt_megastairs_4, minmay_lair_oklob_chamber
Lair:4:   layout_regular_city, elwin_shoals_entry_rooms, uniq_sonja
Lair:5:   layout_regular_city, serial_bayou_lake_a, lemuel_fruit_fields
Lair:6:   minmay_lair_end_enchanted_forest, layout_layer_cave,
          dpeg_slime_entry_corner, gammafunk_ghost_wrathful_warriors,
          infiniplex_staircase_pool_2
Spider:1: layout_spider_delve
Spider:2: layout_spider_delve, uniq_nikola, uniq_roxanne
Orc:1:    layout_diamond_mine
Orc:2:    st_orc_elflike, layout_diamond_mine, nicolae_orc_damp_corner

Skill      XL: |  1  2  3  4  5  6  7  8  9 10 11 12 13 14 15 |
---------------+----------------------------------------------+-----
Fighting       | 4 6 8 10 | 10.0
Dodging        | 5 7 10 13 16 | 16.0
Unarmed Combat | 4 5 6 8 10 11 13 16 18 19 | 19.5
Stealth        | 2 4 6 9 10 | 10.0
Evocations     | 10 8 | 10.0

Action                   |  1- 3 |  4- 6 |  7- 9 | 10-12 | 13-15 || total
-------------------------+-------+-------+-------+-------+-------++-------
Melee: Unarmed           |    81 |    94 |   395 |   951 |   858 ||  2379
       Bite              |     6 |     8 |    55 |   129 |   103 ||   301
       Punch             |       |       |     8 |    44 |    94 ||   146
Invok: Berserk           |     4 |     4 |    19 |    32 |    25 ||    84
       Trog's Hand       |       |       |     1 |     4 |    12 ||    17
       Brothers in Arms  |       |       |       |     2 |     2 ||     4
Evoke: Wand              |       |       |       |     4 |     3 ||     7
  Use: Scroll            |       |     5 |     3 |    21 |     2 ||    31
       Potion            |       |       |     1 |     1 |     3 ||     5
 Stab: Sleeping          |     1 |     8 |     9 |    49 |    34 ||   101
       Distracted        |       |       |       |     4 |     3 ||     7
  Eat: Chunk             |     9 |     9 |    24 |    56 |    43 ||   141
Armor: Skin              |     3 |     3 |    14 |    22 |    18 ||    60
Dodge: Dodged            |    53 |    74 |   350 |   940 |   855 ||  2272

Table legend:
 A = Non-vault XP
 B = Vault XP
 C = Vault XP percentage of total XP
 D = Non-vault monster count
 E = Vault monster count
 F = Vault count percentage of total count
                 A         B        C        D         E       F
            +---------+---------+-------+---------+---------+-------
      Total |   94215 |   40230 |  29.9 |     626 |     157 |  20.1
            +---------+---------+-------+---------+---------+-------
        D:1 |      36 |       0 |   0.0 |      17 |       0 |   0.0
        D:2 |     130 |     272 |  67.7 |      22 |       2 |   8.3
        D:3 |     150 |       0 |   0.0 |      12 |       0 |   0.0
        D:4 |     388 |       0 |   0.0 |      24 |       0 |   0.0
        D:5 |     786 |       0 |   0.0 |      27 |       0 |   0.0
        D:6 |    1396 |       0 |   0.0 |      40 |       0 |   0.0
        D:7 |     938 |    1324 |  58.5 |      19 |       4 |  17.4
        D:8 |    2848 |    4251 |  59.9 |      23 |      41 |  64.1
        D:9 |    1551 |       0 |   0.0 |      23 |       0 |   0.0
       D:10 |    2774 |       0 |   0.0 |      28 |       0 |   0.0
       D:11 |    5905 |     235 |   3.8 |      41 |       5 |  10.9
       D:12 |    2840 |    3200 |  53.0 |      19 |       2 |   9.5
       D:13 |    3805 |       0 |   0.0 |      35 |       0 |   0.0
       D:14 |    5075 |    6864 |  57.5 |      29 |       7 |  19.4
       D:15 |   15887 |    3119 |  16.4 |      36 |       3 |   7.7
     Lair:1 |    2971 |     295 |   9.0 |      16 |       2 |  11.1
     Lair:2 |    2319 |     788 |  25.4 |      12 |       3 |  20.0
     Lair:3 |    4694 |     773 |  14.1 |      19 |      16 |  45.7
     Lair:4 |    4912 |    1389 |  22.0 |      20 |       3 |  13.0
     Lair:5 |    5963 |       0 |   0.0 |      22 |       0 |   0.0
     Lair:6 |   11758 |    9254 |  44.0 |      43 |      44 |  50.6
   Spider:1 |   10285 |       0 |   0.0 |      35 |       0 |   0.0
   Spider:2 |    2680 |       0 |   0.0 |       9 |       0 |   0.0
      Orc:1 |    2170 |       0 |   0.0 |      28 |       0 |   0.0
      Orc:2 |    1954 |    8466 |  81.2 |      27 |      25 |  48.1
            +---------+---------+-------+---------+---------+-------
